 Dungeon Crawl Stone Soup version 0.29.0-4-gdea44cf6ec (webtiles) character file.

Game seed: 15292217405800401845

28437 qw the Cleaver (level 13, -5/82 HPs)
             Began as a Gargoyle Fighter on Sept 9, 2022.
             Was a High Priest of Okawaru.
             Slain by Rupert
             ... wielding a +5 vampiric great sword
              (32 damage)
             ... on level 3 of the Lair of Beasts.
             The game lasted 00:06:24 (11631 turns).

qw the Cleaver (Gargoyle Fighter)                  Turns: 11631, Time: 00:06:25

Health: -5/82      AC: 38    Str: 27    XL:     13   Next: 38%
Magic:  14/20      EV: 10    Int: 12    God:    Okawaru [*****.]
Gold:   262        SH:  6    Dex: 12    Spells: 12/12 levels left

rFire   + . .      SeeInvis .   k - +9 war axe (vamp)
rCold   + . .      Faith    .   c - +0 buckler
rNeg    + . .      Spirit   .   q - +0 plate armour
rPois   inf        Reflect  .   (helmet restricted)
rElec   +          Harm     .   e - +2 cloak of Temperance {Int+4}
rCorr   .          Rampage  inf o - +2 pair of gloves
Will    .....                   i - +3 pair of seven-league boots {Rampage+∞}
Stlth   ..........              a - amulet of regeneration
HPRegen 1.03/turn               l - ring of protection from cold
MPRegen 0.17/turn               j - ring of protection from fire

@: heroic, finesse-ful
A: sickness immunity, AC +9, negative energy resistance 1, electricity
resistance, torment resistance 1, petrification resistance, antennae 1, hooves
1, agile 1, strong 1
a: Renounce Religion, Heroism, Finesse, Duel


You were on level 3 of the Lair of Beasts.
You worshipped Okawaru.
Okawaru was extremely pleased with you.
You visited 3 branches of the dungeon, and saw 13 of its levels.

You collected 709 gold pieces.
You spent 447 gold pieces at shops.


Innate Abilities, Weirdness & Mutations

You are immune to sickness and miasma.
Your stone body is resilient. (AC +9)
You are immune to poison.
You resist negative energy. (rN+)
You are resistant to electric shocks. (rElec)
You are resistant to unholy torment.
You are immune to petrification.
You have a pair of small antennae on your head.
You have large cloven feet.
You are agile. (Dex +4, Str/Int -1)
Your muscles are strong. (Str +4, Int/Dex -1)


   Skills:
 - Level 10.2(15.2) Fighting
 - Level 13.6(18.6) Axes
 + Level 3.9(8.9) Throwing
 - Level 10.0(15.0) Armour
 - Level 3.1(8.1) Dodging
 - Level 6.1(11.1) Shields
 - Level 10.0 Invocations


You had 12 spell levels left.
You didn't know any spells.
Your spell library was empty.

Inventory:

Hand Weapons
 k - a +9 vampiric war axe (weapon)
 w - the +5 broad axe of the Loving Seer {antimagic, Fly rElec rPois}
   (Okawaru gifted it to you on level 3 of the Lair of Beasts)

   It reduces the magical energy of the wielder, and disrupts the spells and
   magical abilities of those it strikes.
   Natural abilities and divine invocations are not affected.
   rElec:     It insulates you from electricity.
   rPois:     It protects you from poison.
   Fly:       It grants you flight.
 y - a +0 morningstar
Missiles
 m - 5 silver javelins (quivered)
Armour
 c - a +0 buckler (worn)
 e - the +2 cloak of Temperance (worn) {Int+4}
   (You found it on level 2 of the Dungeon)

   Int:       It affects your intelligence (+4).
 i - the +3 pair of seven-league boots (worn) {Rampage+∞}
   (You found it on level 2 of the Lair of Beasts)

   Its wearer moves as far as possible in that direction when moving towards
   enemies.
 o - a +2 pair of gloves (worn)
 q - a +0 plate armour (worn)
Jewellery
 a - an amulet of regeneration (around neck)
 j - a ring of protection from fire (right hand)
 l - a ring of protection from cold (left hand)
 r - a ring of willpower
Scrolls
 g - 6 scrolls of identify
 n - 3 scrolls of fog
 p - 3 scrolls of teleportation
Potions
 b - 2 potions of curing
 d - 2 potions of might
 f - 3 potions of attraction
 h - 2 potions of lignification
 s - 3 potions of resistance
 t - a potion of haste
 u - 3 potions of mutation
 v - a potion of heal wounds
 x - a potion of cancellation

Dungeon Overview and Level Annotations

Branches:
Dungeon (9/15)             Temple (1/1) D:4            Lair (3/5) D:9
  Swamp: Lair:2-3    Shoals: Lair:2-3     Snake: Lair:2-3    Spider: Lair:2-3
    Orc: D:9-12

Altars:
Ashenzari
Cheibriados
Dithmenos
Elyvilon
Gozag
Hepliaklqana
Kikubaaqudgha
Makhleb
Nemelex Xobeh
Okawaru
Qazlal
Ru
Sif Muna
Trog
Uskayaw
Vehumet
Wu Jian
Xom
Yredelemnul
Zin
The Shining One

Shops:
D:4 (   D:6 [?!   D:9 !

Annotations:
D:9 1 runed translucent door
Lair:3 Rupert


Message History

Press: ? - help, Q - select action Shift-Dir - straight line, f/p - black bear You throw a silver javelin.
The silver javelin barely misses the black bear.
You hit the black bear.
You kill the black bear!
Okawaru accepts your kill.
Found a stone staircase leading down.
Things that are here:
a +0 rapier; a +0 robe
m - a silver javelin
m - 2 silver javelins (gained 1)
m - 4 silver javelins (gained 2)
m - 5 silver javelins (gained 1)
You now have 262 gold pieces (gained 10).
Things that are here:
a +0 rapier; a +0 robe
Things that are here:
a +0 rapier; a +0 robe You feel like a meek peon again.
Rupert is nearby!
11622 ||| Stepping ~*~*~tactically~*~*~ (stealth).
Rupert shouts!
11624 ||| INVOKING Heroism.
You gain the combat prowess of a mighty hero.
Rupert screams, "Give me the Holy Grail!"
11625 ||| INVOKING Finesse.
You can now deal lightning-fast blows.
Rupert roars madly and goes into a rage!
Rupert goes berserk!
Rupert hits you with a +5 vampiric great sword!!
You hit Rupert but do no damage. You hit Rupert.
Rupert is lightly wounded.
Rupert hits you with a +5 vampiric great sword!!
You hit Rupert but do no damage.
Rupert is lightly wounded.
You slash Rupert!
Rupert is lightly wounded.
Rupert hits you with a +5 vampiric great sword!!
You die...

#.......#..................P#.7
##..........##........#####..)..
#...........##.....#..)# ###...
#.#....#....#.><.......#######..
###..........#.............#####
#....##.)..#.....#.........# #
###.##P.#.###............#.#
#####...##..@............###
#...#..#@....#.........#
##.......#######......P.#
##......P## #.#.....#.##
#.[.......# #########.#.
######.........# #...
#.#........#...#


77777 ##.. ##.##....P.....# 777...777 ##. #........#...## 7.......7 #.
#..##...#....# 777.......77 ## You could see Rupert (berserk).

Vanquished Creatures
  Gastronok (Lair:1)
  4 hydras
  Fannar (Lair:1)
  A boulder beetle (Lair:2)
  A catoblepas (Lair:2)
  A lindwurm (Lair:3)
  6 elephants (Lair:1)
  A guardian serpent (Lair:2)
  A black mamba (Lair:3)
  A torpor snail (Lair:1)
  8 cane toads
  Maggie (D:6)
  5 rime drakes
  3 komodo dragons
  4 polar bears
  A troll (D:6)
  15 blink frogs
  A hornet (D:9)
  A dream sheep (Lair:2)
  Sigmund (D:3)
  2 spriggans (Lair:3)
  Eustachio (D:6)
  17 yaks
  8 wyverns
  2 basilisks
  A steam dragon (D:6)
  2 swamp worms (Lair:3)
  9 water moccasins
  4 ice beasts
  5 black bears
  2 orc warriors
  2 sky beasts
  3 ogres
  4 centaurs
  9 wolves
  2 phantoms
  9 bullfrogs
  7 scorpions
  A necrophage (D:6)
  3 wights (D:7)
  A howler monkey (D:7)
  A quasit (D:5)
  A hound (D:6)
  3 jellies
  A gnoll bouda (D:8)
  6 orc priests
  Natasha (thrice) (D:4)
  A human skeleton (D:9)
  3 iguanas
  10 orc wizards
  5 hell rats (Lair:2)
  4 gnolls
  14 adders
  5 shadow imps
  3 white imps
  6 ufetubi
  4 worms
  3 dart slugs
  30 orcs
  9 ball pythons
  6 endoplasms
  4 giant cockroaches
  12 goblins
  10 hobgoblins
  3 jackals (D:1)
  4 quokkas
  11 bats
  6 frilled lizards
  8 kobolds
  8 rats
  A bush (D:9)
337 creatures vanquished.

Vanquished Creatures (others)
  A bush (Lair:2)
  A demonic plant (D:5)
  13 fungi
  24 plants
39 creatures vanquished.

Grand Total: 376 creatures vanquished

Notes
Turn   | Place    | Note
-------+----------+-------------------------------------------
     0 | D:1      | qw the Gargoyle Fighter began the quest for the Orb.
     0 | D:1      | Reached XP level 1. HP: 14/14 MP: 1/1
     0 | D:1      | 0 ||| qw: Version: 0.1-a-113-g051387a
     0 | D:1      | 0 ||| qw: Game counter: 7088
     0 | D:1      | 0 ||| qw: Always use a shield: true
     0 | D:1      | 0 ||| qw: God list: Okawaru
     0 | D:1      | 0 ||| qw: Allow faded altars: false
     0 | D:1      | 0 ||| qw: Do Orc after D:15 true
     0 | D:1      | 0 ||| qw: Do second Lair branch before Depths: true
     0 | D:1      | 0 ||| qw: Lair rune preference: random
     0 | D:1      | 0 ||| qw: Plans: Normal, Zot, God:TSO, Crypt, Tomb, Zig,
                  | Orb
     0 | D:1      | 0 ||| PLANNING D:1-11
    24 | D:1      | Reached skill level 2 in Axes
    82 | D:1      | Reached XP level 2. HP: 15/19 MP: 2/2
   495 | D:1      | Reached skill level 3 in Axes
   638 | D:1      | Reached XP level 3. HP: 23/23 MP: 3/3
   641 | D:1      | 641 ||| DROPPING +0 club.
   670 | D:1      | 670 ||| Stepping ~*~*~tactically~*~*~ (stealth).
  1233 | D:1      | 1233 ||| UPGRADING to +0 pair of gloves.
  1238 | D:1      | 1238 ||| UPGRADING to ring of protection from cold.
  1239 | D:1      | 1239 ||| READING scroll labelled SOJEEM XOVYOLA.
  1283 | D:1      | 1283 ||| READING scroll labelled FOINLEGUIR.
  1284 | D:1      | 1284 ||| READING scroll labelled FEFO DOEZI.
  1284 | D:1      | Identified a scroll of acquirement
  1284 | D:1      | 1284 ||| ACQUIRING +1 war axe of electrocution
  1284 | D:1      | Acquired a +1 war axe of electrocution
  1286 | D:1      | 1286 ||| SWAPPING to +1 war axe of electrocution.
  1287 | D:1      | 1287 ||| DROPPING +0 war axe.
  1288 | D:1      | 1288 ||| DRINKING 2 brown potions.
  1345 | D:2      | Identified the +2 cloak of Temperance {Int+4}
  1390 | D:2      | 1390 ||| Stepping ~*~*~tactically~*~*~ (stealth).
  1391 | D:2      | 1391 ||| Stepping ~*~*~tactically~*~*~ (stealth).
  1557 | D:2      | 1557 ||| Stepping ~*~*~tactically~*~*~ (stealth).
  1564 | D:2      | Found a faded altar of an unknown god.
  1619 | D:2      | 1619 ||| DRINKING potion of curing.
  1619 | D:2      | 1619 ||| (to cure confusion)
  1627 | D:2      | Reached skill level 4 in Axes
  1627 | D:2      | Reached XP level 4. HP: 25/28 MP: 4/4
  1627 | D:2      | 1627 ||| FLEEEEING.
  1628 | D:2      | 1628 ||| FLEEEEING.
  1629 | D:2      | 1629 ||| FLEEEEING.
  1630 | D:2      | 1630 ||| FLEEEEING.
  1631 | D:2      | 1631 ||| FLEEEEING.
  1632 | D:2      | 1632 ||| FLEEEEING.
  1634 | D:2      | 1634 ||| FLEEEEING.
  1669 | D:2      | 1669 ||| DROPPING +0 whip.
  1779 | D:2      | 1779 ||| Stepping ~*~*~tactically~*~*~ (stealth).
  1781 | D:2      | 1781 ||| Stepping ~*~*~tactically~*~*~ (stealth).
  2379 | D:2      | 2379 ||| UPGRADING to +2 cloak of Temperance {Int+4}.
  2384 | D:2      | 2384 ||| DROPPING scarf of shadows.
  2385 | D:2      | 2385 ||| READING scroll labelled WINIMECOHI.
  2386 | D:2      | 2386 ||| READING scroll labelled SOFFEPR UDIR.
  2387 | D:2      | 2387 ||| DRINKING 2 sedimented emerald potions.
  2388 | D:2      | 2388 ||| DRINKING 2 grey potions.
  2389 | D:2      | 2389 ||| DRINKING 2 coppery potions.
  2389 | D:2      | Gained mutation: You sometimes lose your temper in combat.
                  | [potion of mutation]
  2390 | D:2      | 2390 ||| DRINKING potion of mutation.
  2390 | D:2      | Lost mutation: You sometimes lose your temper in combat.
                  | [potion of mutation]
  2390 | D:2      | Gained mutation: You have hidden genetic potential. [potion
                  | of mutation]
  2390 | D:2      | Gained mutation: You have a pair of small antennae on your
                  | head. [potion of mutation]
  2390 | D:2      | Gained mutation: Your muscles are strong. (Str +4, Int/Dex
                  | -1) [potion of mutation]
  2391 | D:2      | 2391 ||| DROPPING potion of degeneration.
  2464 | D:3      | Noticed a scorpion
  2469 | D:3      | Killed a scorpion
  2470 | D:3      | Reached skill level 5 in Axes
  2470 | D:3      | Reached XP level 5. HP: 32/32 MP: 5/5
  2479 | D:3      | Gained mutation: You are agile. (Dex +4, Str/Int -1)
                  | [hidden potential]
  2490 | D:3      | 2490 ||| FLEEEEING.
  2491 | D:3      | 2491 ||| FLEEEEING.
  2499 | D:3      | Noticed Sigmund
  2500 | D:3      | 2500 ||| Stepping ~*~*~tactically~*~*~ (stealth).
  2502 | D:3      | 2502 ||| Stepping ~*~*~tactically~*~*~ (stealth).
  2503 | D:3      | 2503 ||| Stepping ~*~*~tactically~*~*~ (stealth).
  2515 | D:3      | 2515 ||| Stepping ~*~*~tactically~*~*~ (stealth).
  2516 | D:3      | 2516 ||| Stepping ~*~*~tactically~*~*~ (stealth).
  2517 | D:3      | 2517 ||| Stepping ~*~*~tactically~*~*~ (stealth).
  2562 | D:3      | Identified the +7 rapier of the Lettuce {vorpal, Str+2}
  2586 | D:3      | 2586 ||| Stepping ~*~*~tactically~*~*~ (stealth).
  2588 | D:3      | 2588 ||| Stepping ~*~*~tactically~*~*~ (hiding).
  2597 | D:3      | 2597 ||| DRINKING 2 potions of curing.
  2597 | D:3      | 2597 ||| (to cure confusion)
  2607 | D:3      | Killed Sigmund
  2608 | D:3      | Reached XP level 6. HP: 28/37 MP: 6/6
  2613 | D:3      | Gained mutation: You have large cloven feet. [hidden
                  | potential]
  2613 | D:3      | Lost mutation: You have hidden genetic potential. [hidden
                  | potential expressed]
  2777 | D:3      | 2777 ||| Stepping ~*~*~tactically~*~*~ (stealth).
  2778 | D:3      | 2778 ||| Stepping ~*~*~tactically~*~*~ (stealth).
  2800 | D:3      | 2800 ||| READING scroll of enchant armour.
  2800 | D:3      | 2800 ||| ENCHANTING +0 pair of gloves.
  2816 | D:3      | 2816 ||| Stepping ~*~*~tactically~*~*~ (hiding).
  2817 | D:3      | 2817 ||| Stepping ~*~*~tactically~*~*~ (stealth).
  2818 | D:3      | 2818 ||| Stepping ~*~*~tactically~*~*~ (hiding).
  2866 | D:3      | 2866 ||| Stepping ~*~*~tactically~*~*~ (stealth).
  2871 | D:3      | 2871 ||| Stepping ~*~*~tactically~*~*~ (stealth).
  2922 | D:3      | 2922 ||| Stepping ~*~*~tactically~*~*~ (stealth).
  3032 | D:3      | 3032 ||| Stepping ~*~*~tactically~*~*~ (stealth).
  3184 | D:3      | 3184 ||| UPGRADING to +0 pair of boots.
  3189 | D:3      | 3189 ||| UPGRADING to ring of protection from fire.
  3190 | D:3      | 3190 ||| READING scroll labelled ENOTHI MAAHEE.
  3191 | D:3      | 3191 ||| READING scroll labelled SOHIHE WOWI.
  3192 | D:3      | 3192 ||| READING scroll labelled NUOW TASTRAREW.
  3197 | D:3      | 3197 ||| READING scroll labelled HIENYC TYCETI.
  3207 | D:4      | Found a sacrificial altar of Ru.
  3253 | D:4      | 3253 ||| READING scroll of enchant weapon.
  3253 | D:4      | 3253 ||| ENCHANTING +2 war axe of electrocution.
  3295 | D:4      | 3295 ||| Stepping ~*~*~tactically~*~*~ (stealth).
  3301 | D:4      | 3301 ||| Stepping ~*~*~tactically~*~*~ (stealth).
  3303 | D:4      | Reached XP level 7. HP: 36/43 MP: 7/7
  3354 | D:4      | Noticed Natasha
  3363 | D:4      | Found Cochezot's Antique Weapon Boutique.
  3371 | D:4      | Killed Natasha
  3425 | D:4      | Reached skill level 6 in Axes
  3512 | D:4      | 3512 ||| Stepping ~*~*~tactically~*~*~ (stealth).
  3537 | D:4      | You fall into a shaft and drop 2 floors!
  3553 | D:6      | Identified the +0 leather armour of Niniam {SInv}
  3579 | D:6      | Found Fufas's Magic Scroll Emporium.
  3650 | D:6      | 3650 ||| BUYING scroll of enchant weapon (82 gold).
  3650 | D:6      | Bought a scroll of enchant weapon for 82 gold pieces
  3650 | D:6      | 3650 ||| BUYING scroll of fog (44 gold).
  3650 | D:6      | Bought a scroll of fog for 44 gold pieces
  3650 | D:6      | 3650 ||| BUYING scroll of identify (22 gold).
  3650 | D:6      | Bought a scroll of identify for 22 gold pieces
  3650 | D:6      | 3650 ||| BUYING scroll of identify (22 gold).
  3650 | D:6      | Bought a scroll of identify for 22 gold pieces
  3650 | D:6      | 3650 ||| BUYING scroll of identify (22 gold).
  3650 | D:6      | Bought a scroll of identify for 22 gold pieces
  3650 | D:6      | 3650 ||| BUYING scroll of identify (22 gold).
  3650 | D:6      | Bought a scroll of identify for 22 gold pieces
  3650 | D:6      | 3650 ||| BUYING scroll of teleportation (33 gold).
  3650 | D:6      | Bought a scroll of teleportation for 33 gold pieces
  3650 | D:6      | 3650 ||| READING scroll of enchant weapon.
  3650 | D:6      | 3650 ||| ENCHANTING +3 war axe of electrocution.
  3652 | D:6      | Noticed a steam dragon
  3653 | D:6      | 3653 ||| Stepping ~*~*~tactically~*~*~ (hiding).
  3654 | D:6      | 3654 ||| Stepping ~*~*~tactically~*~*~ (hiding).
  3661 | D:6      | Killed a steam dragon
  3662 | D:6      | Reached skill level 7 in Axes
  3662 | D:6      | Reached XP level 8. HP: 48/48 MP: 8/8
  3662 | D:6      | Noticed Eustachio
  3663 | D:6      | 3663 ||| Stepping ~*~*~tactically~*~*~ (stealth).
  3675 | D:6      | 3675 ||| Stepping ~*~*~tactically~*~*~ (hiding).
  3682 | D:6      | Killed Eustachio
  3804 | D:6      | Found Daituder's Distillery.
  3808 | D:6      | 3808 ||| SHOPLISTING 2 potions of mutation (208 gold, have
                  | 17).
  3808 | D:6      | 3808 ||| SHOPLISTING potion of attraction (39 gold, have
                  | 17).
  3808 | D:6      | 3808 ||| SHOPLISTING potion of curing (39 gold, have 17).
  3808 | D:6      | 3808 ||| SHOPLISTING potion of heal wounds (65 gold, have
                  | 17).
  3808 | D:6      | 3808 ||| SHOPLISTING potion of might (52 gold, have 17).
  3838 | D:6      | 3838 ||| DROPPING +0 leather armour of Niniam {SInv}.
  3839 | D:6      | 3839 ||| DRINKING 2 blue potions.
  3858 | D:6      | 3858 ||| READING 6 scrolls of identify.
  3858 | D:6      | 3858 ||| IDENTIFYING murky puce potion
  3859 | D:6      | 3859 ||| DROPPING potion of flight.
  3866 | D:5      | Entered Level 5 of the Dungeon
  3910 | D:5      | Reached skill level 8 in Axes
  3957 | D:4      | Noticed Natasha
  3958 | D:4      | 3958 ||| Stepping ~*~*~tactically~*~*~ (hiding).
  3959 | D:4      | 3959 ||| Stepping ~*~*~tactically~*~*~ (hiding).
  3969 | D:4      | Killed Natasha
  4032 | D:4      | 4032 ||| READING scroll of enchant armour.
  4032 | D:4      | 4032 ||| ENCHANTING +1 pair of gloves.
  4135 | D:4      | Found a staircase to the Ecumenical Temple.
  4136 | D:4      | 4136 ||| PLANNING TEMPLE
  4139 | D:4      | Reached skill level 6 in Fighting
  4141 | D:4      | 4141 ||| READING 5 scrolls of identify.
  4141 | D:4      | 4141 ||| IDENTIFYING orange potion
  4142 | D:4      | 4142 ||| DROPPING potion of brilliance.
  4148 | Temple   | Entered the Ecumenical Temple
  4288 | Temple   | 4288 ||| PLANNING D:1-11
  4344 | D:4      | Noticed Natasha
  4349 | D:4      | Killed Natasha
  4507 | D:5      | 4507 ||| Stepping ~*~*~tactically~*~*~ (stealth).
  4508 | D:5      | 4508 ||| Stepping ~*~*~tactically~*~*~ (stealth).
  4530 | D:5      | 4530 ||| Stepping ~*~*~tactically~*~*~ (hiding).
  4732 | D:5      | 4732 ||| READING scroll of enchant weapon.
  4732 | D:5      | 4732 ||| ENCHANTING +4 war axe of electrocution.
  4767 | D:5      | 4767 ||| Stepping ~*~*~tactically~*~*~ (hiding).
  4771 | D:5      | 4771 ||| FLEEEEING.
  4772 | D:5      | 4772 ||| FLEEEEING.
  4773 | D:5      | 4773 ||| FLEEEEING.
  4774 | D:5      | 4774 ||| FLEEEEING.
  4776 | D:5      | 4776 ||| FLEEEEING.
  4777 | D:5      | 4777 ||| FLEEEEING.
  4778 | D:5      | 4778 ||| FLEEEEING.
  4779 | D:5      | 4779 ||| FLEEEEING.
  4780 | D:5      | 4780 ||| FLEEEEING.
  4781 | D:5      | 4781 ||| FLEEEEING.
  4782 | D:5      | 4782 ||| FLEEEEING.
  4783 | D:5      | 4783 ||| FLEEEEING.
  4790 | D:5      | 4790 ||| STAIRDANCE
  4837 | D:4      | 4837 ||| READING scroll labelled PEUXUG ONUA.
  4838 | D:4      | 4838 ||| READING scroll labelled GINWUYSUOF.
  4839 | D:4      | 4839 ||| READING 4 scrolls of identify.
  4839 | D:4      | 4839 ||| IDENTIFYING fuming yellow potion
  4840 | D:4      | 4840 ||| DROPPING potion of invisibility.
  4843 | D:5      | 4843 ||| STAIRDANCE
  4852 | D:5      | 4852 ||| DRINKING potion of curing.
  4852 | D:5      | 4852 ||| (to cure confusion)
  4854 | D:5      | Reached XP level 9. HP: 53/55 MP: 9/9
  4854 | D:5      | 4854 ||| Stepping ~*~*~tactically~*~*~ (stealth).
  4855 | D:5      | 4855 ||| Stepping ~*~*~tactically~*~*~ (stealth).
  4939 | D:5      | Reached skill level 9 in Axes
  4948 | D:5      | Found a shimmering blue altar of Sif Muna.
  4966 | D:5      | 4966 ||| FLEEEEING.
  4967 | D:5      | 4967 ||| FLEEEEING.
  4968 | D:5      | 4968 ||| FLEEEEING.
  5071 | D:5      | 5071 ||| Invisible monster not found???
  5152 | D:5      | 5152 ||| Stepping ~*~*~tactically~*~*~ (stealth).
  5154 | D:5      | 5154 ||| Stepping ~*~*~tactically~*~*~ (hiding).
  5263 | D:5      | 5263 ||| Stepping ~*~*~tactically~*~*~ (stealth).
  5264 | D:5      | 5264 ||| Stepping ~*~*~tactically~*~*~ (stealth).
  5310 | D:5      | Found a sparkling altar of Nemelex Xobeh.
  5391 | D:5      | 5391 ||| Stepping ~*~*~tactically~*~*~ (stealth).
  5397 | D:5      | 5397 ||| Stepping ~*~*~tactically~*~*~ (stealth).
  5403 | D:5      | 5403 ||| Stepping ~*~*~tactically~*~*~ (hiding).
  5423 | D:5      | 5423 ||| Stepping ~*~*~tactically~*~*~ (stealth).
  5613 | D:5      | 5613 ||| READING scroll labelled PORINOSH KELL.
  5614 | D:5      | 5614 ||| READING 3 scrolls of identify.
  5614 | D:5      | 5614 ||| IDENTIFYING fuming blue potion
  5615 | D:5      | 5615 ||| DROPPING potion of berserk rage.
  5687 | D:6      | Noticed a troll
  5698 | D:6      | Killed a troll
  5761 | D:6      | Found Zamus's Antique Armour Boutique.
  5771 | D:6      | 5771 ||| SHOPLISTING chain mail (103 gold, have 63).
  5771 | D:6      | 5771 ||| SHOPLISTING glowing scarf (184 gold, have 63).
  5771 | D:6      | 5771 ||| SHOPLISTING runed ring mail (161 gold, have 63).
  5771 | D:6      | 5771 ||| SHOPLISTING shimmering plate armour (644 gold,
                  | have 63).
  5771 | D:6      | 5771 ||| SHOPLISTING smoking plate armour (644 gold, have
                  | 63).
  5771 | D:6      | 5771 ||| SHOPLISTING spiked leather armour (161 gold, have
                  | 63).
  5771 | D:6      | 5771 ||| SHOPLISTING spiked plate armour (644 gold, have
                  | 63).
  5800 | D:6      | 5800 ||| Stepping ~*~*~tactically~*~*~ (stealth).
  5934 | D:6      | Identified the +0 helmet "Pianuduawn" {rElec Will++ rCorr}
  5957 | D:6      | Reached skill level 1 in Throwing
  5968 | D:6      | Found a hazy altar of Hepliaklqana.
  6072 | D:6      | Noticed Maggie
  6088 | D:6      | Killed Maggie
  6167 | D:6      | 6167 ||| Stepping ~*~*~tactically~*~*~ (hiding).
  6169 | D:6      | 6169 ||| Stepping ~*~*~tactically~*~*~ (hiding).
  6260 | D:6      | Reached skill level 10 in Axes
  6353 | D:6      | 6353 ||| DROPPING +2 cloak.
  6354 | D:6      | 6354 ||| READING scroll labelled LAR BAMUAT.
  6355 | D:6      | 6355 ||| READING 5 scrolls of identify.
  6355 | D:6      | 6355 ||| IDENTIFYING fizzy white potion
  6421 | D:7      | Reached XP level 10. HP: 55/64 MP: 10/10
  6423 | D:7      | 6423 ||| FLEEEEING.
  6597 | D:7      | 6597 ||| Stepping ~*~*~tactically~*~*~ (stealth).
  6598 | D:7      | 6598 ||| Stepping ~*~*~tactically~*~*~ (stealth).
  6654 | D:7      | 6654 ||| Stepping ~*~*~tactically~*~*~ (hiding).
  6657 | D:7      | 6657 ||| Stepping ~*~*~tactically~*~*~ (hiding).
  6658 | D:7      | 6658 ||| Stepping ~*~*~tactically~*~*~ (hiding).
  6660 | D:7      | 6660 ||| Stepping ~*~*~tactically~*~*~ (hiding).
  6661 | D:7      | 6661 ||| Stepping ~*~*~tactically~*~*~ (hiding).
  6897 | D:7      | Found a white marble altar of Elyvilon.
  6956 | D:7      | 6956 ||| READING 3 scrolls of enchant weapon.
  6956 | D:7      | 6956 ||| ENCHANTING +5 vampiric war axe.
  6957 | D:7      | 6957 ||| READING 2 scrolls of enchant weapon.
  6957 | D:7      | 6957 ||| ENCHANTING +6 vampiric war axe.
  6958 | D:7      | 6958 ||| DROPPING +0 broad axe.
  6959 | D:7      | 6959 ||| READING scroll of enchant weapon.
  6959 | D:7      | 6959 ||| ENCHANTING +7 vampiric war axe.
  7072 | D:7      | 7072 ||| READING scroll labelled IXAPNE TI KISI.
  7173 | D:7      | 7173 ||| DRINKING 2 fizzy black potions.
  7174 | D:7      | 7174 ||| READING 5 scrolls of identify.
  7174 | D:7      | 7174 ||| IDENTIFYING clear potion
  7175 | D:7      | 7175 ||| DROPPING potion of ambrosia.
  7183 | D:8      | 7183 ||| STAIRDANCE
  7252 | D:8      | 7252 ||| STAIRDANCE
  7260 | D:8      | 7260 ||| STAIRDANCE
  7266 | D:8      | 7266 ||| STAIRDANCE
  7270 | D:8      | 7270 ||| STAIRDANCE
  7287 | D:7      | 7287 ||| UPGRADING to +0 chain mail.
  7297 | D:7      | 7297 ||| DROPPING +0 scale mail.
  7626 | D:8      | 7626 ||| FLEEEEING.
  7627 | D:8      | 7627 ||| FLEEEEING.
  7631 | D:8      | 7631 ||| Stepping ~*~*~tactically~*~*~ (hiding).
  7633 | D:8      | 7633 ||| Stepping ~*~*~tactically~*~*~ (hiding).
  7639 | D:8      | 7639 ||| DRINKING potion of curing.
  7639 | D:8      | 7639 ||| (to cure confusion)
  7644 | D:8      | 7644 ||| Stepping ~*~*~tactically~*~*~ (stealth).
  7645 | D:8      | 7645 ||| Stepping ~*~*~tactically~*~*~ (stealth).
  7647 | D:8      | 7647 ||| Stepping ~*~*~tactically~*~*~ (stealth).
  7770 | D:8      | 7770 ||| UPGRADING to amulet of regeneration.
  7807 | D:9      | Found an iron altar of Okawaru.
  7810 | D:9      | 7810 ||| Stepping ~*~*~tactically~*~*~ (stealth).
  7818 | D:9      | Reached skill level 6 in Armour
  7818 | D:9      | 7818 ||| Stepping ~*~*~tactically~*~*~ (stealth).
  7832 | D:9      | Reached skill level 11 in Axes
  7872 | D:9      | Became a worshipper of Warmaster Okawaru
  7902 | D:9      | Found a runed translucent door.
  7917 | D:9      | Found a basalt altar of Yredelemnul.
  7940 | D:9      | Found an ancient bone altar of Kikubaaqudgha.
  7993 | D:9      | 7993 ||| Stepping ~*~*~tactically~*~*~ (hiding).
  8092 | D:9      | Found a broken altar of Ashenzari.
  8110 | D:9      | Found Parywyc's Distillery.
  8115 | D:9      | 8115 ||| BUYING potion of curing (30 gold).
  8115 | D:9      | Bought a potion of curing for 30 gold pieces
  8115 | D:9      | 8115 ||| BUYING potion of haste (100 gold).
  8115 | D:9      | Bought a potion of haste for 100 gold pieces
  8115 | D:9      | 8115 ||| SHOPLISTING potion of haste (100 gold, have 75).
  8115 | D:9      | 8115 ||| BUYING potion of lignification (30 gold).
  8115 | D:9      | Bought a potion of lignification for 30 gold pieces
  8115 | D:9      | 8115 ||| SHOPLISTING potion of magic (80 gold, have 45).
  8115 | D:9      | 8115 ||| BUYING potion of might (40 gold).
  8115 | D:9      | Bought a potion of might for 40 gold pieces
  8126 | D:9      | 8126 ||| Stepping ~*~*~tactically~*~*~ (hiding).
  8127 | D:9      | 8127 ||| Stepping ~*~*~tactically~*~*~ (hiding).
  8339 | D:9      | 8339 ||| Stepping ~*~*~tactically~*~*~ (stealth).
  8348 | D:9      | Reached skill level 9 in Fighting
  8365 | D:9      | Reached * piety under Okawaru
  8369 | D:9      | Reached skill level 1 in Invocations
  8369 | D:9      | Reached XP level 11. HP: 71/71 MP: 11/11
  8499 | D:9      | 8499 ||| Stepping ~*~*~tactically~*~*~ (hiding).
  8585 | D:9      | 8585 ||| INVOKING Heroism.
  8597 | D:9      | 8597 ||| Stepping ~*~*~tactically~*~*~ (stealth).
  8599 | D:9      | Paralysed by an orc for 3 turns
  8612 | D:9      | 8612 ||| DROPPING +0 flail.
  8619 | D:9      | Found a staircase to the Lair.
  8628 | D:9      | 8628 ||| Stepping ~*~*~tactically~*~*~ (stealth).
  8630 | D:9      | 8630 ||| Stepping ~*~*~tactically~*~*~ (stealth).
  8631 | D:9      | 8631 ||| Stepping ~*~*~tactically~*~*~ (stealth).
  8862 | D:9      | Reached skill level 3 in Invocations
  9002 | D:9      | 9002 ||| PLANNING LAIR
  9002 | D:9      | 9002 ||| UPGRADING to +0 plate armour.
  9012 | D:9      | 9012 ||| DROPPING +0 chain mail.
  9013 | D:9      | 9013 ||| READING scroll labelled NISYDU FEYCVOX.
  9074 | Lair:1   | Entered Level 1 of the Lair of Beasts
  9092 | Lair:1   | 9092 ||| INVOKING Heroism.
  9137 | Lair:1   | 9137 ||| INVOKING Heroism.
  9176 | Lair:1   | Noticed Gastronok
  9177 | Lair:1   | 9177 ||| Stepping ~*~*~tactically~*~*~ (hiding).
  9179 | Lair:1   | 9179 ||| Stepping ~*~*~tactically~*~*~ (hiding).
  9181 | Lair:1   | 9181 ||| Stepping ~*~*~tactically~*~*~ (hiding).
  9183 | Lair:1   | 9183 ||| Stepping ~*~*~tactically~*~*~ (hiding).
  9185 | Lair:1   | 9185 ||| INVOKING Heroism.
  9200 | Lair:1   | Killed Gastronok
  9200 | Lair:1   | Reached ** piety under Okawaru
  9255 | Lair:1   | 9255 ||| INVOKING Heroism.
  9317 | Lair:1   | 9317 ||| INVOKING Heroism.
  9346 | Lair:1   | 9346 ||| INVOKING Heroism.
  9347 | Lair:1   | Noticed Fannar
  9348 | Lair:1   | 9348 ||| Stepping ~*~*~tactically~*~*~ (stealth).
  9356 | Lair:1   | Reached skill level 12 in Axes
  9372 | Lair:1   | Reached *** piety under Okawaru
  9387 | Lair:1   | Killed Fannar
  9388 | Lair:1   | Reached skill level 9 in Armour
  9411 | Lair:1   | 9411 ||| INVOKING Heroism.
  9420 | Lair:1   | Reached skill level 6 in Shields
  9428 | Lair:1   | Reached **** piety under Okawaru
  9429 | Lair:1   | Reached XP level 12. HP: 68/77 MP: 15/15
  9483 | Lair:1   | 9483 ||| Stepping ~*~*~tactically~*~*~ (stealth).
  9486 | Lair:1   | 9486 ||| INVOKING Heroism.
  9568 | Lair:1   | 9568 ||| INVOKING Heroism.
  9589 | Lair:1   | Reached skill level 6 in Invocations
  9599 | Lair:1   | 9599 ||| INVOKING Heroism.
  9608 | Lair:1   | Reached ***** piety under Okawaru
  9628 | Lair:1   | 9628 ||| Stepping ~*~*~tactically~*~*~ (stealth).
  9629 | Lair:1   | 9629 ||| Stepping ~*~*~tactically~*~*~ (stealth).
  9630 | Lair:1   | 9630 ||| Stepping ~*~*~tactically~*~*~ (stealth).
  9632 | Lair:1   | 9632 ||| Stepping ~*~*~tactically~*~*~ (stealth).
  9636 | Lair:1   | 9636 ||| INVOKING Heroism.
  9767 | Lair:1   | Noticed a five-headed hydra
  9770 | Lair:1   | 9770 ||| INVOKING Heroism.
  9771 | Lair:1   | 9771 ||| SWAPPING to +0 morningstar.
  9772 | Lair:1   | 9772 ||| INVOKING Finesse.
  9782 | Lair:1   | Killed a five-headed hydra
  9783 | Lair:1   | 9783 ||| SWAPPING to +8 vampiric war axe.
  9904 | Lair:1   | 9904 ||| DROPPING scarf of repulsion.
  9978 | Lair:2   | 9978 ||| READING scroll of enchant weapon.
  9978 | Lair:2   | 9978 ||| ENCHANTING +8 vampiric war axe.
  9981 | Lair:2   | 9981 ||| INVOKING Heroism.
  9984 | Lair:2   | 9984 ||| Stepping ~*~*~tactically~*~*~ (stealth).
 10080 | Lair:2   | 10080 ||| Stepping ~*~*~tactically~*~*~ (stealth).
 10082 | Lair:2   | 10082 ||| Stepping ~*~*~tactically~*~*~ (stealth).
 10083 | Lair:2   | 10083 ||| Stepping ~*~*~tactically~*~*~ (stealth).
 10084 | Lair:2   | 10084 ||| Stepping ~*~*~tactically~*~*~ (stealth).
 10085 | Lair:2   | 10085 ||| INVOKING Heroism.
 10107 | Lair:2   | 10107 ||| Stepping ~*~*~tactically~*~*~ (stealth).
 10108 | Lair:2   | 10108 ||| Stepping ~*~*~tactically~*~*~ (stealth).
 10115 | Lair:2   | Reached skill level 13 in Axes
 10116 | Lair:2   | Reached skill level 3 in Dodging
 10127 | Lair:2   | 10127 ||| INVOKING Heroism.
 10148 | Lair:2   | 10148 ||| Stepping ~*~*~tactically~*~*~ (stealth).
 10150 | Lair:2   | 10150 ||| Stepping ~*~*~tactically~*~*~ (stealth).
 10151 | Lair:2   | 10151 ||| Stepping ~*~*~tactically~*~*~ (stealth).
 10155 | Lair:2   | 10155 ||| Stepping ~*~*~tactically~*~*~ (stealth).
 10172 | Lair:2   | Noticed a five-headed hydra
 10173 | Lair:2   | 10173 ||| INVOKING Heroism.
 10173 | Lair:2   | Noticed a boulder beetle
 10174 | Lair:2   | 10174 ||| INVOKING Finesse.
 10176 | Lair:2   | 10176 ||| SWAPPING to +0 morningstar.
 10185 | Lair:2   | Killed a five-headed hydra
 10186 | Lair:2   | 10186 ||| SWAPPING to +9 vampiric war axe.
 10206 | Lair:2   | Killed a boulder beetle
 10248 | Lair:2   | Noticed a six-headed hydra
 10249 | Lair:2   | 10249 ||| INVOKING Heroism.
 10250 | Lair:2   | 10250 ||| SWAPPING to +0 morningstar.
 10251 | Lair:2   | 10251 ||| INVOKING Finesse.
 10256 | Lair:2   | Killed a six-headed hydra
 10257 | Lair:2   | Reached skill level 9 in Invocations
 10257 | Lair:2   | 10257 ||| SWAPPING to +9 vampiric war axe.
 10335 | Lair:2   | Noticed a catoblepas
 10336 | Lair:2   | 10336 ||| Stepping ~*~*~tactically~*~*~ (stealth).
 10337 | Lair:2   | 10337 ||| Stepping ~*~*~tactically~*~*~ (stealth).
 10338 | Lair:2   | 10338 ||| Stepping ~*~*~tactically~*~*~ (stealth).
 10339 | Lair:2   | 10339 ||| INVOKING Heroism.
 10340 | Lair:2   | 10340 ||| INVOKING Finesse.
 10351 | Lair:2   | Killed a catoblepas
 10352 | Lair:2   | Reached XP level 13. HP: 68/82 MP: 12/19
 10462 | Lair:2   | 10462 ||| Stepping ~*~*~tactically~*~*~ (stealth).
 10537 | Lair:2   | 10537 ||| Stepping ~*~*~tactically~*~*~ (stealth).
 10712 | Lair:2   | Found the +3 pair of seven-league boots {Rampage+∞}
 10713 | Lair:2   | 10713 ||| Stepping ~*~*~tactically~*~*~ (hiding).
 10715 | Lair:2   | 10715 ||| Stepping ~*~*~tactically~*~*~ (hiding).
 10846 | Lair:2   | 10846 ||| UPGRADING to +3 pair of seven-league boots
                  | {Rampage+∞}.
 10856 | Lair:2   | 10856 ||| DROPPING +0 pair of boots.
 10895 | Lair:3   | 10895 ||| INVOKING Heroism.
 10899 | Lair:3   | 10899 ||| INVOKING Finesse.
 10906 | Lair:3   | 10906 ||| SWAPPING to +0 morningstar.
 10918 | Lair:3   | 10918 ||| SWAPPING to +9 vampiric war axe.
 10984 | Lair:3   | 10984 ||| Stepping ~*~*~tactically~*~*~ (stealth).
 11064 | Lair:3   | 11064 ||| Stepping ~*~*~tactically~*~*~ (hiding).
 11180 | Lair:3   | 11180 ||| Stepping ~*~*~tactically~*~*~ (hiding).
 11184 | Lair:3   | 11184 ||| INVOKING Heroism.
 11231 | Lair:3   | 11231 ||| Stepping ~*~*~tactically~*~*~ (hiding).
 11235 | Lair:3   | 11235 ||| INVOKING Heroism.
 11240 | Lair:3   | Identified the +5 broad axe of the Loving Seer {antimagic,
                  | Fly rElec rPois} (Okawaru gifted it to you on level 3 of
                  | the Lair of Beasts)
 11240 | Lair:3   | Received a gift from Okawaru
 11286 | Lair:3   | Reached skill level 3 in Throwing
 11318 | Lair:3   | Noticed Rupert
 11319 | Lair:3   | 11319 ||| Stepping ~*~*~tactically~*~*~ (hiding).
 11322 | Lair:3   | 11322 ||| INVOKING Heroism.
 11324 | Lair:3   | 11324 ||| INVOKING Finesse.
 11342 | Lair:3   | HP: 7/82 [Rupert/+5 vampiric great sword (43)]
 11343 | Lair:3   | 11343 ||| READING 4 scrolls of teleportation.
 11344 | Lair:3   | 11344 ||| DRINKING 2 potions of heal wounds.
 11539 | Lair:3   | 11539 ||| Stepping ~*~*~tactically~*~*~ (hiding).
 11554 | Lair:3   | 11554 ||| INVOKING Heroism.
 11556 | Lair:3   | 11556 ||| Stepping ~*~*~tactically~*~*~ (stealth).
 11622 | Lair:3   | 11622 ||| Stepping ~*~*~tactically~*~*~ (stealth).
 11624 | Lair:3   | 11624 ||| INVOKING Heroism.
 11625 | Lair:3   | 11625 ||| INVOKING Finesse.
 11631 | Lair:3   | Slain by Rupert

Levels and vault maps discovered:
D:1:      dpeg_arrival_subterranean_lakeside_camping, layout_basic,
          minmay_cupped
D:2:      layout_loops_corners, shapermc_ecumenical_altar_mp_highgroup
D:3:      minmay_chambers_of_threes, layout_rooms,
          nicolae_concentric_dashed_squares_mild, uniq_sigmund
D:4:      layout_basic, mainiacjoe_overflow_catwalk, minmay_temple_entry_hall,
          serial_shops, shop, uniq_natasha
D:5:      layout_loops_ring, nemelex_diamond_rough_becter, led_sif_book,
          serial_demonic, serial_demonic_f, serial_demonic_a, serial_demonic_a,
          serial_demonic_e
D:6:      minmay_octagon_keep, layout_loops_ring, marbit_many_paths,
          serial_shops, shop, nicolae_shop_crystal, nicolae_diamond_shop,
          kennysheep_donut, uniq_maggie, uniq_eustachio
D:7:      layout_cave_pools, elyvilon_altar_5, nrook_mini_vaults,
          grunt_ministairs_15
D:8:      layout_rooms
D:9:      layout_stronghold, ashenzari_conservatory_becter,
          nicolae_overflow_crystal_walls, okawaru_gym_becter,
          dk_yredelemnul_ordeal, minmay_lair_entry_grove, serial_shops, shop
Temple:   hellmonk_temple_flake
Lair:1:   layout_concentric_octagons, serial_bayou_shore_a, uniq_gastronok,
          uniq_fannar
Lair:2:   layout_misc_corridors, st_stairs_3,
          hellmonk_guarded_unrand_seven_league_boots
Lair:3:   layout_misc_corridors, nicolae_swamp_entry_splash_gauntlet,
          guppyfry_snake_entry_garden, forest_entry_grove, uniq_rupert

Skill      XL: |  1  2  3  4  5  6  7  8  9 10 11 12 13 |
---------------+----------------------------------------+-----
Axes           | 2 3 4 5 7 8 10 11 12 13 | 13.6
Dodging        | 2 3 |  3.1
Fighting       | 4 6 7 9 10 | 10.2
Shields        | 4 5 6 |  6.1
Armour         | 4 7 9 10 | 10.0
Throwing       | 1 3 |  3.9
Invocations    | 1 4 9 10 | 10.0

Action                   |  1- 3 |  4- 6 |  7- 9 | 10-12 | 13-15 || total
-------------------------+-------+-------+-------+-------+-------++-------
Melee: War axe           |   109 |    97 |   231 |   431 |   133 ||  1001
       Kick              |       |     9 |       |       |       ||     9
       Morningstar       |       |       |       |    24 |     9 ||    33
Throw: Boomerang         |       |    23 |    20 |    15 |       ||    58
       Javelin           |       |       |       |       |     8 ||     8
Invok: Heroism           |       |       |       |    19 |     6 ||    25
       Finesse           |       |       |       |     4 |     3 ||     7
  Use: Scroll            |     3 |     8 |    12 |     7 |     1 ||    31
       Potion            |     2 |     5 |     2 |     2 |     1 ||    12
 Stab: Distracted        |       |     1 |       |       |       ||     1
Armor: Scale mail        |    52 |    43 |   131 |    33 |       ||   259
       Chain mail        |       |       |       |    81 |       ||    81
       Plate armour      |       |       |       |   117 |    55 ||   172
Dodge: Dodged            |    52 |    41 |    91 |   165 |    50 ||   399
Block: Buckler           |     9 |    15 |    44 |   108 |    26 ||   202

Table legend:
 A = Non-vault XP
 B = Vault XP
 C = Vault XP percentage of total XP
 D = Non-vault monster count
 E = Vault monster count
 F = Vault count percentage of total count
                 A         B        C        D         E       F
            +---------+---------+-------+---------+---------+-------
      Total |   29286 |   11339 |  27.9 |     254 |      82 |  24.4
            +---------+---------+-------+---------+---------+-------
        D:1 |      41 |       9 |  18.0 |      26 |       7 |  21.2
        D:2 |      97 |       0 |   0.0 |      24 |       0 |   0.0
        D:3 |     128 |     270 |  67.8 |      17 |      13 |  43.3
        D:4 |     563 |      37 |   6.2 |      22 |       1 |   4.3
        D:5 |    1024 |     106 |   9.4 |      18 |       7 |  28.0
        D:6 |     872 |    1420 |  62.0 |      13 |      16 |  55.2
        D:7 |    1261 |      99 |   7.3 |      22 |       6 |  21.4
        D:8 |     548 |       0 |   0.0 |      15 |       0 |   0.0
        D:9 |    2006 |    2053 |  50.6 |      18 |      13 |  41.9
     Lair:1 |   11605 |    2271 |  16.4 |      39 |       2 |   4.9
     Lair:2 |    6361 |    3551 |  35.8 |      25 |       8 |  24.2
     Lair:3 |    4780 |    1523 |  24.2 |      15 |       9 |  37.5
            +---------+---------+-------+---------+---------+-------
